Map: Tropical Sacrifice

Players

ByuN - Winner!

  • Race: Terran Terran
  • Spawn Location: 7:00

Oliveira

  • Race: Terran Terran
  • League: Grandmaster
  • Spawn Location: 1:00

VOD

Have the link to the VOD?

Description

Time

  • Played on: Oct. 22, 2022, 8:25 a.m.
  • Length: 5:50
Show
View Real Time Build Order
Export as new Build Order

ByuN Terran - Winner!

Build Orders:  

Get SALT Encoding   

  12  0:00  SCV  
  13  0:15  Supply Depot  
  13  0:17  SCV  
  14  0:37  Barracks  
  14  0:40  Refinery  
  15  0:55  Barracks  
  14  1:01  SCV  
  15  1:13  SCV  
  16  1:24  Reaper  
  17  1:27  Orbital Command  
  17  1:34  Refinery  
  17  1:42  Reaper  
  18  1:52  SCV  
  19  1:59  Reaper  
  20  2:01  Supply Depot  
  20  2:05  SCV  
  21  2:14  Reaper  
  22  2:17  SCV  
  22  2:29  SCV  
  23  2:31  Reaper  
  23  2:36  Factory  
  24  2:41  SCV  
  25  2:46  Reaper  
  26  2:54  SCV  
  26  3:04  Reaper  
  27  3:06  SCV  
  28  3:18  SCV, Reaper  
  30  3:25  Factory Tech Lab  
  29  3:30  SCV  
  29  3:36  Reaper  
  28  3:48  Cyclone  
  31  3:53  Command Center  
  31  3:55  Supply Depot  
  31  3:58  Starport  
  31  4:02  SCV  
  32  4:14  SCV  
  33  4:21  Siege Tank  
  36  4:26  SCV  
  36  4:37  Viking  
  37  4:38  SCV  
  37  4:45  Barracks  
  37  4:50  SCV  
  38  4:54  Siege Tank  
  38  4:55  Refinery  
  41  5:02  SCV  
  41  5:06  Orbital Command  
  42  5:14  Viking, SCV  
  45  5:25  Bunker  
  45  5:26  SCV  
  45  5:37  SCV  
Show
View Real Time Build Order
Export as new Build Order

Oliveira Terran 

Build Orders:  

Get SALT Encoding   

  12  0:00  SCV  
  13  0:12  SCV  
  14  0:18  Supply Depot  
  14  0:24  SCV  
  15  0:39  SCV  
  15  0:41  Barracks  
  16  0:49  Refinery  
  16  0:51  SCV  
  16  0:54  Refinery  
  17  1:03  SCV  
  18  1:15  SCV  
  19  1:29  Reaper, Orbital Command  
  19  1:31  Supply Depot  
  20  1:45  Factory  
  20  1:54  SCV  
  20  1:59  Bunker  
  21  2:02  Marine  
  21  2:07  SCV  
  23  2:21  Marine  
  23  2:24  SCV  
  23  2:29  Hellion  
  26  2:33  Starport  
  26  2:36  SCV  
  27  2:39  Marine  
  26  2:48  SCV  
  26  2:51  Hellion  
  27  3:01  SCV  
  26  3:06  Marine  
  26  3:12  Hellion  
  26  3:13  SCV  
  25  3:24  Marine  
  25  3:25  SCV  
  24  3:36  Factory Tech Lab  
  24  3:37  SCV  
  22  3:44  Barracks Reactor  
  22  3:50  SCV  
  22  3:55  Cyclone, Starport Tech Lab  
  26  4:00  Supply Depot  
  26  4:02  SCV  
  27  4:14  SCV, Banshee  
  31  4:24  Marine x2  
  31  4:26  SCV  
  31  4:27  Cyclone  
  36  4:38  SCV  
  36  4:42  Marine x2  
  39  4:47  Supply Depot  
  39  5:08  Cyclone, SCV  
  39  5:11  Supply Depot  
  46  5:15  Marine  
  47  5:30  Marine  
Tags
 
Add a new tag
Caveats
  • Supply blocks, unpowered buildings, or Contaminate may cause inaccurate times.
  • Supply counts are checked every 10 seconds.